AoeStats
← _ThienLong_

Arabia

510020254Analyzed
1v1 RM · 4d ago on Sep 29, 2026· 86m 31s· 2 players
Game mode
Random Map
Map size
Tiny (2 player)
Population
200
Speed
Normal
Resources
Standard
Victory
Conquest
Starting age
Dark Age
Ending age
Imperial Age
RankedLock teamsTeams togetherTeam positionsShared explorationLock speedFull tech treeHidden civsTurbo modeCheats
Victory
Defeat
🇺🇸 Saracens · United States
1144
+16
🇻🇳 Teutons · Vietnam
1147
-16
Ataturkle
10:09 Feudal Age
8:30 Loom
10:39 Double-Bit Axe
10:35 Horse Collar
17:01 Castle Age
15:23 Gold Mining
16:23 Bloodlines
17:29 Scale Barding Armor
17:52 Bow Saw
18:12 Heavy Plow
18:53 Town Watch
23:10 Forging
25:05 Gold Shaft Mining
26:07 Wheelbarrow
27:52 Husbandry
28:23 Chain Barding Armor
31:06 Imperial Age
31:11 Iron Casting
30:57 Hand Cart
30:40 Light Cavalry
32:59 Chemistry
32:11 Masonry
33:47 Two-Man Saw
32:26 Heavy Camel Rider
34:27 Plate Barding Armor
36:52 Siege Engineers
37:10 Ballistics
37:33 Conscription
40:16 Guard Tower
40:12 Arrowslits
40:24 Murder Holes
40:24 Stone Mining
43:50 Blast Furnace
44:07 Keep
43:45 Town Patrol
43:46 Hussar
45:44 Fletching
45:54 Padded Archer Armor
49:50 Bodkin Arrow
50:33 Bracer
50:25 Elite Mameluke
52:43 Hoardings
52:36 Padded Archer Armor
62:27 Capped Ram
63:48 Thumb Ring
63:04 Crossbowman
63:14 Elite Skirmisher
63:30 Pikeman
64:10 Squires
64:12 Gambesons
64:13 Arson
65:18 Siege Ram
79:46 Fortified Wall
79:47 Clinker Construction
79:47 Careening
85:04 Redemption
85:45 Bimaristan
86:03 Counterweights
_ThienLong_
7:42 Loom
9:55 Feudal Age
11:42 Double-Bit Axe
16:25 Horse Collar
19:07 Castle Age
19:51 Bloodlines
20:42 Bow Saw
20:31 Gold Mining
27:27 Fletching
28:04 Bodkin Arrow
29:19 Wheelbarrow
28:57 Padded Archer Armor
30:10 Heavy Plow
31:37 Leather Archer Armor
32:08 Hand Cart
35:02 Imperial Age
32:54 Pikeman
33:40 Squires
33:42 Scale Mail Armor
33:53 Forging
34:25 Ironclad
33:57 Arson
35:16 Chain Mail Armor
36:09 Conscription
35:17 Halberdier
36:38 Iron Casting
40:46 Two-Man Saw
40:40 Plate Mail Armor
41:12 Cavalier
43:24 Blast Furnace
43:41 Elite Skirmisher
48:56 Ring Archer Armor
51:46 Chemistry
61:25 Scale Barding Armor
60:48 Paladin
62:52 Coinage
72:33 Banking
75:53 Chain Barding Armor
Connection lost

Rejoining the realm…

Still unreachable

The connection could not be restored.

Session expired

The server has moved on; the page needs a fresh start.